 Dungeon Sprint DCSS version 0.28-a0-661-g144af121cd (webtiles) character file.

Game seed: 644069827465280523

2023 MacCMillion the Blocker (level 9, -10/66 (68) HPs)
             Began as a Demonspawn Fighter on Oct 14, 2021.
             Was a High Priest of Makhleb.
             Mangled by an Executioner (15 damage)
             ... summoned by the player character
             ... in the Dungeon (Sprint V: "Ziggurat Sprint").
             The game lasted 00:17:47 (726 turns).

MacCMillion the Blocker (Demonspawn Fighter)         Turns: 726, Time: 00:17:48

HP:   -10/66 (68)   AC: 33    Str: 14    XL:     9   Next: 3%
MP:   15/15         EV:  1    Int:  9    God:    Makhleb [*****.]
Gold: 0             SH: 35    Dex: 22    Spells: 8/8 levels left

rFire   + + +      SeeInvis +   N - +8 lance "Wyrmbane" {slay drac, rPois rF+ rC+ AC+3}
rCold   + . .      Faith    .   D - +18 shield of the Gong {rElec rN+ Will+ EV-5}
rNeg    + . .      Spirit   .   C - +15 Maxwell's patent armour {-Cast -Tele rElec Will+ rCorr}
rPois   +          Reflect  .   (helmet restricted)
rElec   +          Harm     .   Z - +2 cloak {Will+}
rCorr   +          Rampage  .   (no gloves)
Will    ++++.      NoTele   +   (no boots) Stlth ..........NoCast +
                                d - amulet "Piobrot" {+Inv rPois Regen+ Str-5 Dex+4}
HPRegen 1.21/turn               O - ring "Xopuzina" {rPois Will+ Dex+4 SInv}
MPRegen 0.14/turn               n - ring of fire

@: resistant, corroded, lightly drained
A: antennae 2, icemail 1, condensation shield, demonic magic 1
a: Renounce Religion, Evoke Invisibility, Minor Destruction, Lesser Servant of
Makhleb, Major Destruction, Greater Servant of Makhleb


You were in the Dungeon.
You worshipped Makhleb.
Makhleb was extremely pleased with you.
You visited 1 branch

Inventory:

Hand Weapons
 E - the +7 Singing Sword {vorpal, sonic wave}
   (You found it in the Dungeon)

   It inflicts extra damage upon your enemies.
   It radiates damaging sonic waves as it strikes, especially in combat
   involving dangerous or numerous foes.
 F - the +11 plutonium sword {Contam Stlth-}
   (You found it in the Dungeon)

   It occasionally inflicts wild transmutation effects on those it strikes,
   inflicting malmutation or extra damage, or polymorphing them into a new form.
   Contam:    It causes magical contamination when unequipped.
   Stlth:     It makes you less stealthy.
 G - the +9 sword of Zonguldrok {reap}
   (You found it in the Dungeon)

   Any living foe damaged by it may be reanimated upon death as a zombie
   friendly to the wielder, with an increasing chance as more damage is dealt.
 H - a +5 quick blade
 I - a +5 demon trident
 N - the +8 lance "Wyrmbane" (weapon) {slay drac, rPois rF+ rC+ AC+3}
   (You found it in the Dungeon)

   It inflicts extra damage against dragons and draconians.
   AC:        It affects your AC (+3).
   rF:        It protects you from fire.
   rC:        It protects you from cold.
   rPois:     It protects you from poison.
Armour
 C - the +15 Maxwell's patent armour (worn) {-Cast -Tele rElec Will+ rCorr}
   (You found it in the Dungeon)

   rElec:     It insulates you from electricity.
   -Cast:     It prevents spellcasting.
   -Tele:     It prevents most forms of teleportation.
   rCorr:     It protects you from acid and corrosion.
   Will:      It increases your willpower.
 D - the +18 shield of the Gong (worn) {rElec rN+ Will+ EV-5}
   (You found it in the Dungeon)

   It is deafeningly noisy when blocking attacks.
   EV:        It affects your evasion (-5).
   rElec:     It insulates you from electricity.
   rN:        It protects you from negative energy.
   Will:      It increases your willpower.
 M - a +3 tower shield
 V - a +1 chain mail of positive energy
 Z - a +2 cloak of willpower (worn)
Magical Staves
 Q - a staff of air
 S - a staff of poison
 W - a staff of conjuration
Jewellery
 d - the amulet "Piobrot" (around neck) {+Inv rPois Regen+ Str-5 Dex+4}
   (You found it in the Dungeon)

   [amulet of regeneration]

   Str:       It affects your strength (-5).
   Dex:       It affects your dexterity (+4).
   rPois:     It protects you from poison.
   +Inv:      It lets you turn invisible.
   Regen:     It increases your rate of health regeneration.
 n - a ring of fire (right hand)
 s - a ring of flight
 t - a +6 ring of dexterity
 u - a +6 ring of dexterity
 v - a +6 ring of intelligence
 w - a +6 ring of intelligence
 x - a +6 ring of strength
 y - a +6 ring of strength
 O - the ring "Xopuzina" (left hand) {rPois Will+ Dex+4 SInv}
   (You found it in the Dungeon)

   [ring of poison resistance]

   Dex:       It affects your dexterity (+4).
   rPois:     It protects you from poison.
   SInv:      It lets you see invisible.
   Will:      It increases your willpower.
 T - an amulet of magic regeneration
 U - a ring of resist corrosion
 X - a ring of positive energy
Wands
 z - a wand of mindburst (7)
 A - a wand of iceblast (7)
 B - a wand of acid (7)
Scrolls
 j - 4 scrolls of blinking
 o - 4 scrolls of amnesia
 p - 7 scrolls of fog
 q - 5 scrolls of identify
 r - 2 scrolls of fear
Potions
 e - 10 potions of curing
 f - 10 potions of heal wounds
 g - 6 potions of haste
 h - 7 potions of magic
 i - 3 potions of berserk rage
 k - 2 potions of brilliance
 l - 2 potions of invisibility
 m - 3 potions of resistance
Miscellaneous
 b - a box of beasts
 c - a lightning rod (4/4)
 J - a phial of floods
 P - a piece from Xom's chessboard (15/15)
 R - a tin of tremorstones (2/2)
 Y - a condenser vane


   Skills:
 - Level 5.2 Fighting
 - Level 1.7 Short Blades
 - Level 9.6 Polearms
 - Level 5.0 Armour
 - Level 7.8 Dodging
 - Level 11.4 Shields
 + Level 3.6 Poison Magic
 + Level 8.3 Invocations
 + Level 2.2 Evocations


You had 8 spell levels left.
You didn't know any spells.
Your spell library contained the following spells:

 Spells                   Type           Power      Damage    Failure   Level
 Pain                     Necr           0%         1d4       100%        1
 Ice Form                 Ice/Tmut       0%         N/A       100%        4
 Olgreb's Toxic Radiance  Pois           6%         N/A       100%        4
 Summon Lightning Spire   Summ/Air       0%         N/A       100%        4
 Haunt                    Necr/Summ      0%         N/A       100%        7
 Ozocubu's Refrigeration  Ice            0%         4d5       100%        7
 Storm Form               Tmut/Air       0%         N/A       100%        7
 Ignition                 Fire           0%         3d3       100%        8
 Infestation              Necr           0%         N/A       100%        8
 Polar Vortex             Ice            0%         N/A       100%        9


Dungeon Overview and Level Annotations

Branches:
Dungeon (1/1)

Altars:
Ashenzari
Cheibriados
Dithmenos
Elyvilon
Fedhas
Gozag
Hepliaklqana
Kikubaaqudgha
Makhleb
Nemelex Xobeh
Okawaru
Qazlal
Ru
Sif Muna
Trog
Uskayaw
Vehumet
Wu Jian
Xom
Yredelemnul
Zin
The Shining One
Beogh
Jiyva
Lugonu

Annotations:
D 1 transporter


Innate Abilities, Weirdness & Mutations

You have a pair of antennae on your head.
A meltable icy envelope protects you from harm. (AC +4)
A meltable shield of frost defends you. (SH +4)
Spells you cast may paralyse adjacent enemies.


Message History

You block the Executioner's attack.
GONNNNG!
The Executioner hits you but does no damage. x2
You block the Executioner's attack.
PANG!
You block Gimyntot's attack.
GONNNNG!
The storm dragon breathes lightning at you.
The bolt of lightning hits you! You resist. The bolt of lightning hits you!
You resist.
Your hellwing hits the ice devil.
Your hellwing hits the ice devil but does no damage.
The ice devil hits your hellwing but does no damage.
You block the Executioner's attack.
SHROANNG!
The Executioner hits you but does no damage.
The Executioner hits you!
* * * LOW HITPOINT WARNING * * *
Your hellwing swoops through the air toward the rust devil!
Your hellwing barely misses the rust devil.
Your hellwing hits the rust devil but does no damage.
The orange demon stings you but does no damage.
The rust devil hits you. The rust devil corrodes you!
You cannot blink because you are wearing the +15 Maxwell's patent armour {-Cast -Tele rElec Will+ rCorr}.
You hit the white imp but do no damage. You block the Executioner's attack.
GONNNNG!
The Executioner hits you but does no damage.
You block the Executioner's attack.
BONNNG!
You block the white imp's attack.
SHROANNG!
Gimyntot gestures at you. The bolt of lightning hits you! You resist.
* * * LOW HITPOINT WARNING * * *
The storm dragon bites you but does no damage.
The storm dragon claws you but does no damage.
You block the storm dragon's attack.
GONNNNG!
The shadow dragon bites your hellwing!
The shadow dragon claws your hellwing. x2
The Executioner hits you!
You die...

▓▓▓▓▓▓▓▓▓▓▓▓▓▓▓▓▓▓▓
▓...8©8...▓..8©8..▓
▓..|[|)...▓.......▓
▓...}:)...▓...|...▓
▓......4..▓.......▓
▓....D45..▓.......▓
▓..54D4...▓...†...▓
▓...54&...▓.......▓
▓.▓..@D.▓.▓...†...▓
▓....©1...▓...©...▓
▓▓▓▓▓▓▓▓▓▓▓▓▓▓▓▓▓▓▓
▓..8©8..▓


{{{{{ ▓..))|..▓ {{{ ▓..|[...▓ ▓.......▓ ▓.......▓ ▓....†..▓ You could see
Gimyntot, 2 shadow dragons, a storm dragon (summoned), an Executioner (summoned,
fast), an orange demon, an ice devil (ally target), a rust devil, 2 iron imps, a
white imp and 2 friendly hellwings.

Vanquished Creatures
  A cyclops (D)
  2 hell hounds (D)
  A water moccasin (D)
  An ogre (D)
  A bullfrog (D)
  2 orc priests (D)
  An iguana (D)
  An orc wizard (D)
  7 orcs (D)
  2 ball pythons (D)
19 creatures vanquished.

Vanquished Creatures (collateral kills)
  A two-headed ogre (D)
  A yak (D)
  2 ogres (D)
  2 bullfrogs (D)
  2 adder skeletons (D)
  A jackal (D)
9 creatures vanquished.

Vanquished Creatures (others)
  An ufetubus (D)
  An adder zombie (D)
2 creatures vanquished.

Grand Total: 30 creatures vanquished

Notes
Turn   | Place    | Note
-------+----------+-------------------------------------------
     0 | D        | MacCMillion the Demonspawn Fighter began the quest for the
                  | Orb.
     0 | D        | Reached XP level 1. HP: 18/18 MP: 1/1
     0 | D        | Found a shimmering blue altar of Sif Muna.
     0 | D        | Found a sacrificial altar of Ru.
     0 | D        | Found a bloodstained altar of Trog.
     0 | D        | Found a stormy altar of Qazlal.
     0 | D        | Found an iron altar of Okawaru.
     0 | D        | Found a sparkling altar of Nemelex Xobeh.
     0 | D        | Found a blossoming altar of Fedhas.
     0 | D        | Found the +6 Majin-Bo {vamp, MP+6 Int+6}
     0 | D        | Found the +9 heavy crossbow "Sniper" {vorpal, Acc+∞ SInv}
     0 | D        | Found the +10 dark maul {vorpal}
     0 | D        | Found the +15 Maxwell's patent armour {-Cast -Tele rElec
                  | Will+ rCorr}
     0 | D        | Found the +18 shield of the Gong {rElec rN+ Will+ EV-5}
     0 | D        | Found the +14 obsidian axe {vorpal, Mesm Drain Fly SInv}
     0 | D        | Found the +7 great mace "Firestarter" {inner flame, rF++}
     0 | D        | Found the +6 shillelagh "Devastator" {shatter}
     0 | D        | Found the +11 plutonium sword {Contam Stlth-}
     0 | D        | Found the +8 lance "Wyrmbane" {slay drac, rPois rF+ rC+
                  | AC+3}
     0 | D        | Found the +9 sword of Zonguldrok {reap}
     0 | D        | Found the +13 scythe of Curses {drain, Drain}
     0 | D        | Found the +5 sword of Power {vorpal}
     0 | D        | Found the +7 mace of Variability {chain chaos}
     0 | D        | Found the +7 Singing Sword {vorpal, sonic wave}
     0 | D        | Found the +8 storm bow {elec, penet}
     2 | D        | Found a transporter.
     2 | D        | Found an ancient bone altar of Kikubaaqudgha.
     2 | D        | Found a viscous altar of Jiyva.
     2 | D        | Found a corrupted altar of Lugonu.
     2 | D        | Found a hazy altar of Hepliaklqana.
     2 | D        | Found a burning altar of Makhleb.
     2 | D        | Found an opulent altar of Gozag.
    37 | D        | Became a worshipper of Makhleb the Destroyer
   124 | D        | Entered arena 2.
   124 | D        | Noticed an orc priest
   124 | D        | Found a transporter.
   128 | D        | Killed an orc priest
   129 | D        | Reached skill level 4 in Shields
   129 | D        | Reached skill level 5 in Invocations
   129 | D        | Gained mutation: You have a pair of small antennae on your
                  | head. [demonic ancestry]
   129 | D        | Reached XP level 2. HP: 24/24 MP: 1/5
   129 | D        | Reached XP level 3. HP: 29/29 MP: 1/6
   140 | D        | Reached skill level 5 in Shields
   142 | D        | Got the ring "Xopuzina" {rPois Will+ Dex+4 SInv}
   286 | D        | Entered arena 3.
   286 | D        | Noticed a water moccasin
   286 | D        | Found a transporter.
   287 | D        | Reached skill level 5 in Fighting
   287 | D        | Reached skill level 5 in Polearms
   287 | D        | Reached skill level 6 in Shields
   287 | D        | Gained mutation: Spells you cast may paralyse adjacent
                  | enemies. [demonic ancestry]
   287 | D        | Reached XP level 4. HP: 39/39 MP: 6/9
   292 | D        | Killed a water moccasin
   292 | D        | Reached * piety under Makhleb
   293 | D        | Reached skill level 8 in Shields
   293 | D        | Gained mutation: You have a pair of antennae on your head.
                  | [demonic ancestry]
   293 | D        | Reached XP level 5. HP: 34/44 MP: 6/10
   360 | D        | Got the +3 pair of gloves of Manyq {rN+}
   385 | D        | Entered arena 4.
   385 | D        | Found a transporter.
   387 | D        | Reached ** piety under Makhleb
   392 | D        | Reached skill level 1 in Dodging
   517 | D        | Entered arena 5.
   517 | D        | Found a transporter.
   521 | D        | Reached *** piety under Makhleb
   556 | D        | Entered arena 6.
   556 | D        | Noticed a two-headed ogre
   556 | D        | Noticed a cyclops
   556 | D        | Noticed an ogre
   556 | D        | Noticed an ogre
   556 | D        | Noticed an ogre
   556 | D        | Found a transporter.
   560 | D        | Killed an ogre
   561 | D        | Reached skill level 9 in Shields
   561 | D        | Reached XP level 6. HP: 42/51 MP: 11/11
   565 | D        | Killed a two-headed ogre
   565 | D        | Reached **** piety under Makhleb
   566 | D        | Reached skill level 5 in Armour
   566 | D        | Reached skill level 10 in Shields
   566 | D        | Gained mutation: A meltable shield of frost defends you.
                  | (SH +4) [demonic ancestry]
   566 | D        | Reached XP level 7. HP: 44/56 MP: 12/12
   567 | D        | Killed a cyclops
   568 | D        | Reached skill level 11 in Shields
   568 | D        | Gained mutation: A meltable icy envelope protects you from
                  | harm. (AC +4) [demonic ancestry]
   568 | D        | Reached XP level 8. HP: 49/62 MP: 13/13
   575 | D        | Got the amulet "Piobrot" {+Inv rPois Regen+ Str-5 Dex+4}
   641 | D        | Entered arena 7.
   647 | D        | Found a transporter.
   649 | D        | Reached skill level 1 in Poison Magic
   651 | D        | Reached ***** piety under Makhleb
   668 | D        | Got Nunwes's Disquisition on Moulding and the Glacier
   670 | D        | Got Sif Muna's Volume of the Escort and Dark Rites
   673 | D        | Entered arena 8.
   673 | D        | Found the +4 robe of Augmentation {Str+4 Int+4 Dex+4}
   674 | D        | Found a transporter.
   687 | D        | Reached skill level 1 in Evocations
   689 | D        | Reached XP level 9. HP: 68/68 MP: 13/15
   714 | D        | Entered arena 9.
   714 | D        | Noticed an orange demon
   714 | D        | Noticed Gimyntot the pandemonium lord
   714 | D        | Noticed an ice devil
   714 | D        | Noticed a rust devil
   717 | D        | Found a transporter.
   717 | D        | Noticed a shadow dragon
   719 | D        | Noticed a storm dragon
   721 | D        | Noticed a shadow dragon
   723 | D        | Noticed an Executioner
   726 | D        | Mangled by an Executioner

Illustrated notes

Levels and vault maps discovered:
D:        sprint_v [room_start, room_1, room_2, room_3, room_4, room_5, room_6,
          room_7, room_8, room_9, room_10, room_11, room_12, room_13, room_14,
          room_15, room_16, room_17, room_18, room_19, room_20, room_21,
          room_22, room_23, room_24, room_25, room_26, room_27]

Skill      XL: |  1  2  3  4  5  6  7  8 |
---------------+-------------------------+-----
Shields        | 4 6 8 9 10 11 | 11.4
Invocations    | 5 7 8 |  8.3
Fighting       | 5 |  5.2
Polearms       | 5 6 8 9 |  9.6
Armour         | 4 5 |  5.0
Dodging        | 2 6 7 |  7.8
Poison Magic   | 3 |  3.6
Evocations     | 2 |  2.2
Short Blades   | |  1.7

Action                   |  1- 3 |  4- 6 |  7- 9 || total
-------------------------+-------+-------+-------++-------
Melee: Quick blade       |    14 |       |       ||    14
       Demon trident     |       |    28 |    24 ||    52
       Lance             |       |       |     3 ||     3
Invok: Lesser Servant of |       |     2 |     3 ||     5
       Major Destruction |       |       |     1 ||     1
       Greater Servant o |       |       |     1 ||     1
  Use: Potion            |     1 |       |     1 ||     2
 Stab: Distracted        |       |       |     1 ||     1
Armor: Scale mail        |     4 |     6 |       ||    10
       Plate armour      |       |     4 |    15 ||    19
Dodge: Dodged            |     7 |     5 |     1 ||    13
Block: Kite shield       |       |    23 |    20 ||    43

Table legend: (Time is in decaauts)
 A = Elapsed time spent in this place.
 B = Non-inter-level travel time spent in this place.
 C = Inter-level travel time spent in this place.
 D = Time resting spent in this place.
 E = Time spent auto-exploring this place.
 F = Levels seen in this place.
 G = Mean time per level.
                   A        B        C        D        E       F      G
               +--------+--------+--------+--------+--------+-----+--------+
         Total |    717 |    711 |      6 |    292 |     68 |   1 |  717.0 |
       Dungeon |    717 |    711 |      6 |    292 |     68 |   1 |  717.0 |
               +--------+--------+--------+--------+--------+-----+--------+

Top non-repeatable levels by time:
       D: 717 daAuts
